AoeStats
← Larkinstreet

Oasis

509803015Analyzed
3v3 RM · 5d ago on Sep 28, 2026· 52m 55s· 6 players
Game mode
Random Map
Map size
Normal (6 player)
Population
200
Speed
Normal
Resources
Standard
Victory
Conquest
Starting age
Dark Age
Ending age
Imperial Age
RankedLock teamsTeams togetherTeam positionsShared explorationLock speedFull tech treeHidden civsTurbo modeCheats
Victory
Defeat
🇦🇺 Saxons · Australia
1131
+13
🇺🇸 Lithuanians · United States
1045
+16
🇦🇺 Franks · Australia
1000
+18
🇲🇽 Britons · Mexico
1092
-17
🇲🇽 Huns · Mexico
1064
-16
🇲🇽 Vikings · Mexico
1017
-14
Carbage
7:43 Loom
9:54 Feudal Age
19:20 Castle Age
19:20 Fletching
27:04 Elite Skirmisher
34:32 Bloodlines
34:23 Husbandry
34:29 Padded Archer Armor
35:44 Bodkin Arrow
36:05 Leather Archer Armor
38:45 Wheelbarrow
38:51 Ballistics
38:59 Double-Bit Axe
42:43 Bow Saw
47:53 Hand Cart
48:23 Gold Mining
Lucco
7:04 Loom
9:36 Feudal Age
14:35 Double-Bit Axe
15:11 Town Watch
17:53 Fletching
18:18 Padded Archer Armor
23:31 Castle Age
23:23 Gold Mining
23:34 Crossbowman
24:31 Leather Archer Armor
24:52 Bodkin Arrow
32:23 Ballistics
34:56 Wheelbarrow
36:54 Gold Shaft Mining
36:31 Bow Saw
35:59 Pikeman
40:37 Elite Skirmisher
44:44 Imperial Age
44:58 Arbalester
45:48 Bracer
47:14 Hand Cart
47:00 Town Patrol
49:09 Ring Archer Armor
49:42 Chemistry
50:02 Masonry
nsr
2:31 Loom
12:38 Feudal Age
13:37 Horse Collar
19:44 Man-at-Arms
24:58 Castle Age
23:26 Stone Mining
26:12 Double-Bit Axe
26:18 Pikeman
27:27 Squires
27:54 Bow Saw
27:32 Elite Skirmisher
29:38 Padded Archer Armor
29:39 Scale Mail Armor
31:17 Gold Mining
32:01 Forging
31:42 Fletching
34:36 Bodkin Arrow
34:57 Chain Mail Armor
37:45 Iron Casting
37:24 Chieftains
46:38 Imperial Age
46:02 Ballistics
46:02 Leather Archer Armor
46:12 Arson
48:29 Chemistry
48:46 Plate Mail Armor
Larkinstreet
7:39 Loom
9:54 Feudal Age
10:56 Double-Bit Axe
17:03 Gold Mining
23:26 Castle Age
22:12 Forging
22:47 Bloodlines
22:22 Horse Collar
24:05 Scale Barding Armor
27:47 Iron Casting
27:52 Fletching
28:16 Elite Skirmisher
29:27 Chain Barding Armor
29:43 Thumb Ring
30:24 Bodkin Arrow
31:17 Padded Archer Armor
34:34 Ballistics
36:56 Stone Mining
39:39 Leather Archer Armor
45:41 Imperial Age
45:55 Stone Shaft Mining
45:47 Husbandry
45:42 Cavalier
48:08 Plate Barding Armor
50:22 Conscription
52:03 Chemistry
51:27 Paladin
fibonacci spine
8:29 Loom
11:18 Feudal Age
13:09 Double-Bit Axe
24:57 Castle Age
23:15 Scale Mail Armor
23:25 Scale Barding Armor
23:42 Forging
24:52 Wheelbarrow
30:57 Chain Barding Armor
32:26 Husbandry
35:54 Iron Casting
43:54 Imperial Age
44:23 Cavalier
45:41 Plate Barding Armor
48:27 Bow Saw
49:48 Blast Furnace
48:42 Fletching
48:52 Paladin
51:44 Bodkin Arrow
toesucker69
9:27 Feudal Age
9:47 Man-at-Arms
13:02 Fletching
13:19 Double-Bit Axe
21:48 Castle Age
21:47 Padded Archer Armor
22:12 Crossbowman
23:00 Bodkin Arrow
23:09 Horse Collar
25:10 Ballistics
25:37 Leather Archer Armor
29:37 Thumb Ring
32:54 Elite Skirmisher
37:44 Imperial Age
35:17 Loom
37:52 Arbalester
39:21 Bracer
49:41 Wheelbarrow
Connection lost

Rejoining the realm…

Still unreachable

The connection could not be restored.

Session expired

The server has moved on; the page needs a fresh start.